 Dungeon Crawl Stone Soup version 0.31-a0-152-g6aa68a64a1 (webtiles) character file.

Game seed: 8112533879287525482

57 qw the Shooter (level 4, 0/39 HPs)
             Began as a Naga Hunter on June 10, 2023.
             Slain by a goblin
             ... wielding a +0 dagger
              (3 damage)
             ... on level 2 of the Dungeon.
             The game lasted 00:00:22 (1368 turns).

qw the Shooter (Naga Hunter)                        Turns: 1368, Time: 00:00:22

Health: 0/39       AC:  3    Str: 14    XL:     4   Next: 0%
Magic:  4/4        EV:  9    Int:  9    God:
Gold:   102        SH:  0    Dex: 16    Spells: 3/3 levels left

rFire   . . .        Y - +0 shortbow
rCold   . . .        (shield currently unavailable)
rNeg    . . .        c - +0 leather armour
rPois   +            d - +0 helmet
rElec   .            (no cloak)
rCorr   .            (no gloves)
SInv    +            (no barding)
Will    .....        e - amulet of regeneration
Stlth   ++           (no ring)
HPRegen 1.06/turn    (no ring)
MPRegen 0.09/turn

%: no passive effects
@: about to teleport, short of breath, very slow
A: AC +1, large, see invisible, deformed body, poison resistance, slowness 2,
spit poison 1, naga tail 1
a: Spit Poison


You were on level 2 of the Dungeon.
You visited 1 branch of the dungeon, and saw 3 of its levels.

You collected 102 gold pieces.


Innate Abilities, Weirdness & Mutations

Your serpentine skin is tough. (AC +1)
You have supernaturally acute eyesight. (SInv)
Armour fits poorly on your strangely shaped body.
Your system is resistant to poisons. (rPois)
You cover ground very slowly.
You can spit poison.
You have a snake-like lower body.


   Skills:
 + Level 2.0 Fighting
 - Level 5.0 Ranged Weapons
 - Level 1.5 Dodging
 - Level 1.5 Stealth


You had 3 spell levels left.
You didn't know any spells.
Your spell library was empty.

Inventory:

Hand Weapons
 Y - a +0 shortbow (weapon)
Armour
 c - a +0 leather armour (worn)
 d - a +0 helmet (worn)
Jewellery
 e - an amulet of regeneration (around neck)
Potions
 f - a potion of curing
 h - a potion of heal wounds {unknown}

Dungeon Overview and Level Annotations

Branches:
Dungeon (3/15)

Altars:


Message History

You shoot an arrow. The arrow hits the gnoll.
The gnoll is severely wounded.
The gnoll hits you with a +0 flail.
1362 ||| STAIRDANCE The gnoll hits you but does no damage. x2; The goblin barely misses you.
The gnoll hits you with a +0 flail!
You climb upwards.
You have got your breath back.
There is a stone staircase leading down here.
1364 ||| INVOKING Spit Poison.
Aiming: Spit Poison (2% risk of failure)
Press: ? - help, Shift-Dir - straight line, f - gnoll The splash of poison hits the gnoll!
The gnoll looks even sicker.
You kill the gnoll!
The gnoll hits you but does no damage. The goblin closely misses you.
The gnoll hits you with a +0 whip.
Your Ranged Weapons skill increases to level 5!
You have reached level 4!
You feel stronger.
You shoot an arrow. The arrow hits the gnoll.
The gnoll is heavily wounded.
The gnoll hits you with a +0 club. The goblin hits you with a +0 dagger.
The gnoll barely misses you.
You shoot an arrow.
The arrow hits the gnoll but does no damage.
The gnoll is heavily wounded.
You have got your breath back.
The gnoll barely misses you. The goblin hits you with a +0 dagger.
The gnoll closely misses you.
1367 ||| INVOKING Spit Poison.
Aiming: Spit Poison (1% risk of failure)
Press: ? - help, Shift-Dir - straight line, f/p - gnoll The splash of poison hits the gnoll.
The gnoll is severely wounded.
The gnoll hits you with a +0 club. The goblin hits you with a +0 dagger.
The gnoll hits you with a +0 whip!
1368 ||| READING scroll of teleportation.
As you read the scroll of teleportation, it crumbles to dust.
You feel strangely unstable. The gnoll hits you with a +0 club.
The goblin hits you with a +0 dagger.
You die...

#.....## #.# #.# # ##...##
#.########.# ## ##..#
#.##...)...# ##. #..#
#.##.####### #.# #..#
#.##.# #.# #..# #..#.# #.#
###..# ##.#.# ######.
.....############.#.#
#......
###.........[..g@g#.#
#.####.
##############g)#.##### #.#
#. ##########..#.....# #.#
#.
#.............###.###.####.
#.########.................
#.# #.(..........##### #.#
####.###.##### #.# #.# #.#
#######.####### #.# #)#


You could see 2 gnolls and a goblin.

Vanquished Creatures
  A gnoll (D:2)
  An adder (D:2)
  A worm (D:2)
  2 dart slugs
  3 ball pythons
  3 endoplasms
  2 giant cockroaches (D:2)
  3 goblins
  3 hobgoblins
  2 kobolds (D:2)
  2 quokkas (D:2)
  3 bats
  2 frilled lizards
  2 rats
30 creatures vanquished.

Notes
Turn   | Place    | Note
-------+----------+-------------------------------------------
     0 | D:1      | qw the Naga Hunter began the quest for the Orb.
     0 | D:1      | Reached XP level 1. HP: 19/19 MP: 1/1
     0 | D:1      | 0 ||| qw: Version: 0.2-a-123-gb51047a
     0 | D:1      | 0 ||| qw: Game counter: 3791
     0 | D:1      | 0 ||| qw: Always use a shield: true
     0 | D:1      | 0 ||| qw: God list: Okawaru
     0 | D:1      | 0 ||| qw: Allow faded altars: false
     0 | D:1      | 0 ||| qw: Do Orc after D:15 true
     0 | D:1      | 0 ||| qw: Do second Lair branch before Depths: true
     0 | D:1      | 0 ||| qw: Lair rune preference: random
     0 | D:1      | 0 ||| qw: Plans: Normal
     0 | D:1      | 0 ||| PLANNING D:1-11
     6 | D:1      | 6 ||| INVOKING Spit Poison.
    26 | D:1      | 26 ||| INVOKING Spit Poison.
    31 | D:1      | 31 ||| INVOKING Spit Poison.
   137 | D:1      | 137 ||| INVOKING Spit Poison.
   283 | D:1      | 283 ||| INVOKING Spit Poison.
   286 | D:1      | 286 ||| INVOKING Spit Poison.
   301 | D:1      | Reached skill level 4 in Ranged Weapons
   301 | D:1      | Reached XP level 2. HP: 26/26 MP: 2/2
   382 | D:1      | 382 ||| INVOKING Spit Poison.
   427 | D:1      | 427 ||| INVOKING Spit Poison.
   597 | D:1      | Found a faded altar of an unknown god.
   661 | D:1      | 661 ||| UPGRADING to amulet of regeneration.
   666 | D:1      | 666 ||| READING 2 scrolls labelled JIKUCLU USIOSEOR.
   671 | D:1      | 671 ||| DROPPING scroll of butterflies.
   696 | D:2      | 696 ||| INVOKING Spit Poison.
   708 | D:2      | 708 ||| INVOKING Spit Poison.
   712 | D:2      | 712 ||| INVOKING Spit Poison.
   715 | D:2      | 715 ||| INVOKING Spit Poison.
   799 | D:2      | 799 ||| INVOKING Spit Poison.
   886 | D:2      | 886 ||| INVOKING Spit Poison.
   910 | D:2      | 910 ||| INVOKING Spit Poison.
   914 | D:2      | Reached XP level 3. HP: 32/32 MP: 3/3
   949 | D:2      | 949 ||| INVOKING Spit Poison.
  1039 | D:2      | 1039 ||| INVOKING Spit Poison.
  1054 | D:2      | 1054 ||| INVOKING Spit Poison.
  1247 | D:2      | 1247 ||| INVOKING Spit Poison.
  1262 | D:2      | 1262 ||| INVOKING Spit Poison.
  1297 | D:2      | 1297 ||| INVOKING Spit Poison.
  1319 | D:2      | 1319 ||| UPGRADING to +0 helmet.
  1324 | D:2      | 1324 ||| READING scroll labelled PICIOS SIMIW.
  1325 | D:2      | 1325 ||| READING scroll labelled CEIMYVIBIC.
  1326 | D:2      | 1326 ||| DRINKING 2 sapphire potions.
  1360 | D:3      | 1360 ||| INVOKING Spit Poison.
  1362 | D:3      | 1362 ||| STAIRDANCE
  1364 | D:2      | 1364 ||| INVOKING Spit Poison.
  1365 | D:2      | Reached skill level 5 in Ranged Weapons
  1365 | D:2      | Reached XP level 4. HP: 24/39 MP: 4/4
  1367 | D:2      | 1367 ||| INVOKING Spit Poison.
  1367 | D:2      | HP: 8/39 [gnoll/+0 whip (8)]
  1368 | D:2      | 1368 ||| READING scroll of teleportation.
  1368 | D:2      | HP: 3/39 [gnoll/+0 club (6)]
  1368 | D:2      | Slain by a goblin

Levels and vault maps discovered:
D:1:      minmay_arrival_four_loops, layout_basic,
          chequers_ecumenical_altar_twisty
D:2:      layout_loops_ring, minmay_pentomino_q2
D:3:      layout_loops_ring, gammafunk_temple_overflow_forgotten,
          grunt_ministairs_10

Skill      XL: |  1  2  3 |
---------------+----------+-----
Ranged Weapons | 4 5 |  5.0
Fighting       | |  2.0
Dodging        | |  1.5
Stealth        | |  1.5

Action                     |  1- 3 |  4- 6 || total
---------------------------+-------+-------++-------
   Fire: Shortbow          |    37 |     2 ||    39
Ability: Spit Poison       |    23 |     1 ||    24
    Use: Scroll            |     3 |     1 ||     4
         Potion            |     1 |       ||     1
 Armour: Leather armour    |     6 |       ||     6
  Dodge: Dodged            |     9 |     3 ||    12

Table legend:
 A = Non-vault XP
 B = Vault XP
 C = Vault XP percentage of total XP
 D = Non-vault monster count
 E = Vault monster count
 F = Vault count percentage of total count
                 A         B        C        D         E       F
            +---------+---------+-------+---------+---------+-------
      Total |      65 |      17 |  20.7 |      27 |       3 |  10.0
            +---------+---------+-------+---------+---------+-------
        D:1 |      18 |       0 |   0.0 |      10 |       0 |   0.0
        D:2 |      47 |      17 |  26.6 |      17 |       3 |  15.0
            +---------+---------+-------+---------+---------+-------
